 Dungeon Crawl Stone Soup version 0.31-a0-981-geadf994542 (webtiles) character file.

Game seed: 12470646290759811822

588 AIAndy the Ruffian (level 7, -2/43 HPs)
             Began as an Octopode Shapeshifter on Nov 1, 2023.
             Slain by an ufetubus (4 damage)
             ... on level 5 of the Dungeon.
             The game lasted 00:06:05 (3653 turns).

AIAndy the Ruffian (Octopode Shapeshifter)          Turns: 3653, Time: 00:06:08

Health: -2/43      AC:  1    Str: 16    XL:     7   Next: 38%
Magic:  7/7        EV: 13    Int: 12    God:
Gold:   246        SH:  0    Dex: 11    Spells: 6/6 levels left

rFire   . .          .
                       - Unarmed
rCold   . . .        (no shield)
rNeg    . . .        (helmet currently unavailable)
rPois   .            (no amulet)
rElec   .            (no ring)
rCorr   .            (no ring)
SInv    .            (no ring)
Will    .....        (no ring)
Stlth   ++           (no ring)
HPRegen 0.27/turn    (no ring)
MPRegen 0.10/turn    (no ring)
                     (no ring)

%: no passive effects
@: mighty, lethally poisoned (-2 -> -5), beast-form
A: beast (slay +3), almost no armour, amphibious, 8 rings, camouflage 1,
gelatinous body 1, (nimble swimmer 1), tentacles
a: Begin Untransformation


You were on level 5 of the Dungeon.
You were a hulking beast.
You visited 1 branch of the dungeon, and saw 5 of its levels.

You collected 246 gold pieces.


Innate Abilities, Weirdness & Mutations

You are a hulking beast.
Your limbs bulge with bestial killing power. (Slay +3)
You cannot wear most types of armour.
You are amphibious.
You can wear up to eight rings at the same time.
Your skin changes colour to match your surroundings (Stealth+).
Your rubbery body absorbs attacks. (AC +1, EV +1)
((You are camouflaged when in or above water. (Stealth+)))
You have tentacles for arms and can constrict up to eight enemies at once.


   Skills:
 - Level 1.0 Fighting
 - Level 2.0 Dodging
 + Level 6.2 Unarmed Combat
 + Level 5.8 Shapeshifting


You had 6 spell levels left.
You didn't know any spells.
Your spell library contained the following spells:

 Spells                   Type           Power      Damage    Failure   Level
 Call Canine Familiar     Summ           0%         N/A       69%         3
 Gell's Gravitas          Tloc           0%         N/A       69%         3
 Sigil of Binding         Hex            0%         N/A       69%         3
 Teleport Other           Tloc           0%         N/A       69%         3
 Volatile Blastmotes      Fire/Tloc      0%         2d10      69%         3
 Dimensional Bullseye     Hex/Tloc       0%         N/A       97%         4
 Fulminant Prism          Conj/Hex       0%         3d5       97%         4
 Iskenderun's Mystic Bla  Conj/Tloc      0%         2d3       97%         4
 Leda's Liquefaction      Hex/Erth       0%         N/A       97%         4
 Iskenderun's Battlesphe  Conj           0%         2d6       100%        5
 Bombard                  Conj/Erth      0%         9d1       100%        6
 Dispersal                Tloc           0%         N/A       100%        6
 Spellforged Servitor     Conj/Summ      0%         N/A       100%        7

Inventory:

Jewellery
 F - a ring of fire
Talismans
 b - a beast talisman
 c - a flux talisman
Wands
 n - a wand of charming (13)
Scrolls
 d - a scroll of fear {unknown}
 f - 3 scrolls of noise {unknown}
 g - 2 scrolls of teleportation {unknown}
 h - 6 scrolls of identify {unknown}
 i - 2 scrolls of vulnerability {unknown}
 j - a scroll of enchant armour {unknown}
 l - 2 scrolls of silence {unknown}
 m - a scroll of amnesia {unknown}
 o - 4 scrolls of fog {unknown}
 q - 2 scrolls of blinking {unknown}
Potions
 a - a potion of lignification {!q}
 e - 2 potions of might
 k - 2 potions of brilliance {unknown}
 p - a potion of berserk rage {unknown}
 r - a potion of ambrosia {unknown}
 s - 2 potions of degeneration {unknown}

Dungeon Overview and Level Annotations

Branches:
Dungeon (5/15)
 Temple: D:4-7

Altars:
Okawaru

▒..#####.### ▒.
▒.▒......#.... ▒. ▒
▒W.▒........... ▒...
...▒....#.#.#..
...▒▒...▒...........
.▒..▒..▒....#......
▒....▒ ▒.....<..#
▒....▒ ▒..#.##..#.#
▒h.▒▒ ▒▒..........
▒5..▒ ▒...########
▒.?▒▒ ▒▒).#
▒▒...▒▒▒...#
▒▒.....▒....#
▒......▒....#
▒▒....▒▒▒...#
.▒......▒....#
..............#


You could see a phantom (wandering) and an ufetubus.


Message History

* * * LOW HITPOINT WARNING * * *
The ufetubus barely misses you. The adder bites you but does no damage.
You barely miss the adder.
The adder is heavily wounded.
You constrict the adder. The ufetubus closely misses you.
The ufetubus hits you.
* * * LOW HITPOINT WARNING * * *
The adder bites you.
* * * LOW HITPOINT WARNING * * *
You are poisoned.
The adder poisons you! The ufetubus slips past you!
The ufetubus closely misses you. The ufetubus barely misses you.
You bludgeon the adder!
You kill the adder!
You feel sick. The ufetubus hits you.
* * * LOW HITPOINT WARNING * * *
The ufetubus hits you but does no damage.
You tentacle-slap the ufetubus. Your grab misses the ufetubus.
The ufetubus is severely wounded.
* * * LOW HITPOINT WARNING * * *
You feel sick. The ufetubus hits you.
* * * LOW HITPOINT WARNING * * *
The ufetubus closely misses you.
It was a potion of might.
You feel very mighty all of a sudden.
* * * LOW HITPOINT WARNING * * *
You feel sick. The ufetubus closely misses you. The ufetubus barely misses you.
The ufetubus hits you but does no damage.
The ufetubus hits you.
You die...

Skill      XL: |  1  2  3  4  5  6  7 |
---------------+----------------------+-----
Unarmed Combat | 4 5 6 |  6.2
Shapeshifting  | 4 5 |  5.8
Fighting       | |  1.0
Dodging        | |  2.0

Action                     |  1- 3 |  4- 6 |  7- 9 || total
---------------------------+-------+-------+-------++-------
  Melee: Unarmed           |    60 |    53 |    41 ||   154
         Constrict         |    13 |     6 |     8 ||    27
         Tentacles         |    12 |     5 |     4 ||    21
         Punch             |     3 |     1 |     2 ||     6
  Evoke: Wand              |       |     3 |       ||     3
    Use: Potion            |       |       |     1 ||     1
   Stab: Sleeping          |     9 |     5 |     1 ||    15
 Armour: Skin              |    18 |    18 |    36 ||    72
  Dodge: Dodged            |    24 |    34 |    34 ||    92

Levels and vault maps discovered:
D:1:      dpeg_arrival_pond, layout_basic, st_stairs_6
D:2:      layout_loops_ring, due_unseen_surprise
D:3:      layout_rooms, lemuel_coloured_pillars_altar, uniq_sigmund
D:4:      layout_gridville, grunt_decor_fettered
D:5:      layout_loops_cross, nicolae_half_adder

Notes
Turn   | Place    | Note
-------+----------+-------------------------------------------
     0 | D:1      | AIAndy the Octopode Shapeshifter began the quest for the
                  | Orb.
     0 | D:1      | Reached XP level 1. HP: 13/13 MP: 1/1
    65 | D:1      | Reached XP level 2. HP: 15/18 MP: 2/2
   717 | D:1      | Reached XP level 3. HP: 20/23 MP: 3/3
  1414 | D:2      | Reached skill level 4 in Unarmed Combat
  1414 | D:2      | Reached XP level 4. HP: 26/28 MP: 4/4
  1743 | D:3      | Noticed Sigmund
  1751 | D:3      | Killed Sigmund
  1752 | D:3      | Reached skill level 5 in Unarmed Combat
  1752 | D:3      | Reached skill level 4 in Shapeshifting
  1752 | D:3      | Reached XP level 5. HP: 33/33 MP: 5/5
  1752 | D:3      | Reached XP level 6. HP: 38/38 MP: 6/6
  2074 | D:3      | Found an iron altar of Okawaru.
  2239 | D:4      | Reached skill level 5 in Shapeshifting
  2599 | D:4      | Reached XP level 7. HP: 42/43 MP: 7/7
  3009 | D:4      | You fall into a shaft and drop 1 floor!
  3009 | D:5      | Entered Level 5 of the Dungeon
  3209 | D:5      | Reached skill level 6 in Unarmed Combat
  3652 | D:5      | HP: 3/43 [ufetubus (2)]
  3653 | D:5      | Slain by an ufetubus

Vanquished Creatures
  Sigmund (D:3)
  An ogre (D:4)
  A phantom (D:4)
  A scorpion (D:5)
  A hound (D:5)
  An iguana (D:4)
  9 adders
  3 ufetubi (D:5)
  A dart slug (D:1)
  4 orcs
  4 bats
  4 endoplasms
  3 giant cockroaches
  4 goblins
  7 hobgoblins
  4 jackals (D:1)
  6 kobolds
  3 quokkas
  4 ball pythons
  3 frilled lizards (D:1)
  4 rats
69 creatures vanquished.

Vanquished Creatures (collateral kills)
  A ball python (D:4)
1 creature vanquished.

Grand Total: 70 creatures vanquished

Table legend: (Time is in decaauts)
 A = Elapsed time spent in this place.
 B = Non-inter-level travel time spent in this place.
 C = Inter-level travel time spent in this place.
 D = Time resting spent in this place.
 E = Time spent auto-exploring this place.
 F = Levels seen in this place.
 G = Mean time per level.
                   A        B        C        D        E       F      G
               +--------+--------+--------+--------+--------+-----+--------+
         Total |   3639 |   3552 |     87 |    172 |   2822 |   5 |  727.8 |
       Dungeon |   3639 |   3552 |     87 |    172 |   2822 |   5 |  727.8 |
               +--------+--------+--------+--------+--------+-----+--------+

Top non-repeatable levels by time:
     D:4: 1103 daAuts
     D:1: 995 daAuts
     D:2: 608 daAuts
     D:3: 534 daAuts
     D:5: 398 daAuts

Table legend:
 A = Non-vault XP
 B = Vault XP
 C = Vault XP percentage of total XP
 D = Non-vault monster count
 E = Vault monster count
 F = Vault count percentage of total count
                 A         B        C        D         E       F
            +---------+---------+-------+---------+---------+-------
      Total |     562 |     279 |  33.2 |      64 |       6 |   8.6
            +---------+---------+-------+---------+---------+-------
        D:1 |      35 |       2 |   5.4 |      19 |       1 |   5.0
        D:2 |      52 |       0 |   0.0 |      13 |       0 |   0.0
        D:3 |      27 |     223 |  89.2 |       8 |       1 |  11.1
        D:4 |     299 |       0 |   0.0 |      18 |       0 |   0.0
        D:5 |     149 |      54 |  26.6 |       6 |       4 |  40.0
            +---------+---------+-------+---------+---------+-------
